 Dungeon Sprint DCSS version 0.20-a0-1122-gb7cbeb9 (webtiles) character file.

73027 potatolord6000 the Impregnable (level 15, -16/117 HPs)
             Began as a Gargoyle Fighter on May 12, 2017.
             Was an Initiate of Gozag.
             Killed from afar by an ogre mage (71 damage)
             ... with a crystal spear
             ... in the Dungeon (Sprint IX: "|||||||||||||||||||||||||||||").
             The game lasted 00:26:07 (5472 turns).

potatolord6000 the Impregnable (Gargoyle Fighter)   Turns: 5472, Time: 00:26:08

Health: -16/117    AC: 36    Str: 36    XL:     15   Next: 42%
Magic:  24/24      EV:  9    Int:  8    God:    Gozag
Gold:   788        SH: 18    Dex: 12    Spells: 14/14 levels left

rFire    . . .     SeeInvis .   f - +6 whip (elec)
rCold    + + .     Gourm    .   w - +0 shield {reflect}
rNeg     + + .     Faith    .   c - +7 plate armour of Infinity {+Blink rN+ Str+3 Int-3}
rPois    ∞         Spirit   .   v - +0 helmet
rElec    +         Reflect  +   p - +0 cloak
rCorr    .         Harm     .   u - +0 pair of gloves "Jeboj" {MP+9 Str+4}
MR       +....     NoTele   +   a - +2 pair of boots {Stlth+}
Stlth    ..........             (no amulet)
Regen    0.3/turn               b - +3 ring of dexterity
MPRegen  0.2/turn               n - +3 ring of strength

@: corroded
A: big wings, clever 1, cold resistance 2, negative energy resistance 1,
electricity resistance, unbreathing, petrification resistance, rot immunity, AC
+11
a: Fly, Potion Petition, Call Merchant, Bribe Branch, Renounce Religion, Evoke
Blink


You were in the Dungeon.
You worshipped Gozag.
Gozag was pleased with you.
You were very hungry.

You visited 1 branch You collected 18097 gold pieces.
You spent 3552 gold pieces at shops.
You paid 13757 gold pieces to Gozag.

Inventory:

Hand Weapons
 f - a +6 whip of electrocution (weapon)
Armour
 a - a +2 pair of boots of stealth (worn)
 c - the +7 plate armour of Infinity (worn) {+Blink rN+ Str+3 Int-3}
   (You bought it in a shop in the Dungeon)

   It affects your strength (+3).
   It affects your intelligence (-3).
   It protects you from negative energy.
   It lets you blink.
 p - a +0 cloak (worn)
 u - the +0 pair of gloves "Jeboj" (worn) {MP+9 Str+4}
   (You bought it in a shop in the Dungeon)

   It affects your strength (+4).
   It affects your magic capacity (+9).
 v - a +0 helmet (worn)
 w - a +0 shield of reflection (worn)
Jewellery
 b - a +3 ring of dexterity (left hand)
 n - a +3 ring of strength (right hand)
Scrolls
 h - 2 scrolls of recharging
 j - 6 scrolls of enchant armour
 k - 2 scrolls of blinking
 l - 4 scrolls of remove curse
 m - 2 scrolls of amnesia
 q - a scroll of identify
Potions
 e - 3 potions of curing
 g - a potion of brilliance
 i - 4 potions of magic
Comestibles
 o - a royal jelly
 r - 40 fruits
 s - 12 bread rations
 t - 10 meat rations


   Skills:
 + Level 22.3 Fighting
 + Level 20.8 Maces & Flails
 + Level 22.4 Armour
 + Level 22.3 Shields


You had 14 spell levels left.
You didn't know any spells.

Dungeon Overview and Level Annotations

Branches:
Dungeon (1/1)

Altars:
Cheibriados
Dithmenos
Elyvilon
Fedhas
Gozag
Hepliaklqana
Kikubaaqudgha
Makhleb
Nemelex Xobeh
Okawaru
Qazlal
Ru
Sif Muna
Trog
Uskayaw
Vehumet
Wu Jian
Xom
Yredelemnul
Zin
The Shining One
Beogh
Jiyva
Lugonu

Shops:
D ([*=[(%*(*([[


Innate Abilities, Weirdness & Mutations

You are resistant to torment.
Your stone body is resilient. (AC +11)
You are immune to poison.
Your large and strong wings let you fly indefinitely.
You resist negative energy. (rN+)
You are resistant to electric shocks. (rElec)
You can survive without breathing.
You are immune to petrification.
You are immune to rotting.
Your mind is acute. (Int +2)
Your flesh is very cold resistant. (rC++)


Message History

The ogre mage gestures wildly while chanting.
The ogre mage blinks!
Things that are here:
99 gold pieces; a flail; a leather armour You block the ogre mage's attack.
Unknown command.
You hit the ogre mage but do no damage.
The ogre mage is moderately wounded.
You hit the ogre mage but do no damage.
The ogre mage is moderately wounded.
You block the ogre mage's attack.
You whack the ogre mage!
The ogre mage is heavily wounded.
You hit the ogre mage.
The ogre mage is heavily wounded.
The ogre mage casts a spell at you. The crystal spear hits you!
Ouch! That really hurt!
You die...
Your body crumbles into a pile of gold.

.▓.▓)▓.▓'▓.▓.▓.▓$▓
.▓[▓.▓.▓(▓.▓.▓.▓$▓
$
.▓.▓)▓.▓.▓.▓.▓.▓$▓
$
.▓.▓)▓.▓.▓.▓'▓.▓$▓
∩▓.▓∩▓.▓)▓.▓[▓.▓$▓
.▓.▓)▓.▓∩▓.▓.▓.▓$▓
$
.▓.▓∩▓.▓(▓.▓.▓.▓$▓
.▓.▓.▓.▓(▓.▓[▓.▓O▓
.▓.▓∩▓)▓.▓.▓[▓.▓@▓
.▓.▓)▓.▓(▓.▓[▓.▓.▓
[▓.▓∩▓.▓.▓.▓(▓.▓$▓
.▓.▓.▓.▓.▓.▓∩▓.▓.▓
'▓.▓∩▓.▓.▓.▓.▓.▓$▓
.▓.▓.▓.▓.▓.▓'▓.▓$▓
.▓.▓.▓.▓.▓.▓.▓.▓.▓
.▓.▓.▓.▓.▓.▓.▓.▓.▓
[▓.▓'▓.▓'▓.▓.▓.▓+▓


You could see an ogre mage.

Vanquished Creatures
  Gastronok (D)
  A sphinx (D)
  Donald (D)
  A frost giant (D)
  A ghost moth (D)
  A vault warden (D)
  A fire giant (D)
  An emperor scorpion (D)
  3 ironheart preservers (D)
  2 very ugly things (D)
  3 stone giants (D)
  2 entropy weavers (D)
  A vampire knight (D)
  Azrael (D)
  3 ettins (D)
  2 yaktaur captains (D)
  2 fire dragons (D)
  4 merfolk impalers (D)
  Erolcha (D)
  A great orb of eyes (D)
  An ice dragon (D)
  2 naga warriors (D)
  A hydra (D)
  An anaconda (D)
  2 centaur warriors (D)
  A death yak (D)
  An alligator (D)
  5 two-headed ogres (D)
  A merfolk avatar (D)
  A death knight (D)
  7 ogre magi (D)
  3 deep troll shamans (D)
  2 unseen horrors (D)
  A hell knight (D)
  2 swamp dragons (D)
  A shambling mangrove (D)
  A harpy (D)
  A necromancer (D)
  An ironbrand convoker (D)
  5 lindwurms (D)
  An orb spider (D)
  3 orc knights (D)
  A mana viper (D)
  An ugly thing (D)
  2 manticores (D)
  3 wolf spiders (D)
  2 black mambas (D)
  Psyche (D)
  A naga mage (D)
  2 guardian serpents (D)
  A spiny frog (shapeshifter) (D)
  2 spiny frogs (D)
  A rime drake (D)
  An efreet (D)
  2 demonic crawlers (D)
  2 komodo dragons (D)
  2 yaktaurs (D)
  A polar bear (D)
  A hornet (D)
  2 trolls (D)
  2 tyrant leeches (D)
  A troll (shapeshifter) (D)
  A wind drake (D)
  A merfolk (D)
  3 slime creatures (D)
  A hippogriff (D)
  A dream sheep (D)
  A redback (D)
  2 yaks (D)
  2 fire elementals (D)
  Grum (D)
  A basilisk (D)
  An acid dragon (D)
  A water moccasin (D)
  A porcupine (D)
  4 hell hounds (D)
  10 orc warriors (D)
  A sky beast (D)
  7 ogres (D)
  A centaur (D)
  3 wolves (D)
  A crocodile (D)
  A big kobold (D)
  3 bullfrogs (D)
  A scorpion (D)
  2 wights (D)
  A howler monkey (D)
  A hound (D)
  3 orc priests (D)
  2 orc wizards (D)
  3 adders (D)
  An adder skeleton (D)
  A worm (D)
  A dart slug (D)
  10 orcs (D)
  A giant cockroach (D)
  A hobgoblin (D)
  A kobold (D)
  A rat (D)
186 creatures vanquished.

Vanquished Creatures (others)
  A very ugly thing (D)
  Nessos (D)
  A hornet (D)
  A swamp drake (D)
  An adder zombie (D)
5 creatures vanquished.

Grand Total: 191 creatures vanquished

Notes
Turn   | Place    | Note
-------+----------+-------------------------------------------
     0 | D        | potatolord6000 the Gargoyle Fighter began the quest for the Orb.
     0 | D        | Reached XP level 1. HP: 14/14 MP: 1/1
    24 | D        | Reached XP level 2. HP: 19/20 MP: 2/2
    30 | D        | Noticed a centaur
    30 | D        | Noticed a howler monkey
    34 | D        | Killed a centaur
    34 | D        | Reached skill level 5 in Fighting
    34 | D        | Reached skill level 5 in Armour
    34 | D        | Reached skill level 5 in Shields
    34 | D        | Reached XP level 3. HP: 6/27 MP: 3/3
    34 | D        | Reached XP level 4. HP: 7/32 MP: 4/4
    40 | D        | Reached skill level 5 in Maces & Flails
    40 | D        | Reached XP level 5. HP: 32/36 MP: 5/5
    63 | D        | Found a roughly hewn altar of Beogh.
    63 | D        | Found a snail-covered altar of Cheibriados.
    63 | D        | Found a shadowy altar of Dithmenos.
    63 | D        | Found a white marble altar of Elyvilon.
    63 | D        | Found a blossoming altar of Fedhas.
    63 | D        | Found an opulent altar of Gozag.
    64 | D        | Found a hazy altar of Hepliaklqana.
    65 | D        | Found a viscous altar of Jiyva.
    66 | D        | Found an ancient bone altar of Kikubaaqudgha.
    67 | D        | Found a corrupted altar of Lugonu.
    68 | D        | Found a burning altar of Makhleb.
    69 | D        | Found a sparkling altar of Nemelex Xobeh.
    70 | D        | Found an iron altar of Okawaru.
    71 | D        | Became a worshipper of Gozag Ym Sagoz the Greedy
    72 | D        | Found a stormy altar of Qazlal.
    73 | D        | Found a sacrificial altar of Ru.
    74 | D        | Found a deep blue altar of Sif Muna.
    75 | D        | Found a bloodstained altar of Trog.
    76 | D        | Found a hide-covered altar of Uskayaw.
    77 | D        | Found a radiant altar of Vehumet.
    78 | D        | Found an ornate altar of the Wu Jian Council.
    79 | D        | Found a shimmering altar of Xom.
    80 | D        | Found a basalt altar of Yredelemnul.
    81 | D        | Found a glowing silver altar of Zin.
    82 | D        | Found a glowing golden altar of the Shining One.
   133 | D        | Noticed an ogre
   133 | D        | Noticed a big kobold
   141 | D        | Reached XP level 6. HP: 44/44 MP: 6/6
   275 | D        | Noticed a death knight
   275 | D        | Noticed a troll
   275 | D        | Noticed a troll
   280 | D        | Reached XP level 7. HP: 47/50 MP: 7/7
   299 | D        | Killed an unseen horror
   307 | D        | Killed a death knight
   307 | D        | Reached skill level 10 in Fighting
   307 | D        | Reached skill level 10 in Armour
   307 | D        | Reached skill level 10 in Shields
   307 | D        | Reached XP level 8. HP: 59/59 MP: 8/8
   315 | D        | Killed a troll
   315 | D        | Reached skill level 10 in Maces & Flails
   332 | D        | Killed a troll
   332 | D        | Reached XP level 9. HP: 40/64 MP: 9/9
   567 | D        | Gained mutation: Your flesh is cold resistant. (rC+) [potion of mutation]
   567 | D        | Gained mutation: Your flesh is very cold resistant. (rC++) [potion of mutation]
   567 | D        | Gained mutation: Your mind is acute. (Int +2) [potion of mutation]
   579 | D        | Noticed a spiny frog
   584 | D        | Noticed a rime drake
   595 | D        | Noticed a polar bear
   597 | D        | Noticed a spiny frog
   600 | D        | Killed a spiny frog
   618 | D        | Killed a rime drake
   627 | D        | Killed a polar bear
   631 | D        | Killed a spiny frog
   631 | D        | Reached XP level 10. HP: 25/72 MP: 10/10
   649 | D        | Bought a +6 whip of electrocution for 458 gold pieces
   660 | D        | Noticed a death yak
   680 | D        | Killed a death yak
   714 | D        | Bought a pair of glowing boots for 255 gold pieces
   902 | D        | Noticed a lindwurm
   902 | D        | Noticed a lindwurm
   902 | D        | Noticed a lindwurm
   908 | D        | Noticed a lindwurm
   909 | D        | Killed a lindwurm
  1260 | D        | Killed a lindwurm
  1270 | D        | Reached XP level 11. HP: 46/80 MP: 11/11
  1278 | D        | Noticed a lindwurm
  1556 | D        | Killed a lindwurm
  1561 | D        | Killed a lindwurm
  1584 | D        | Killed a lindwurm
  1769 | D        | Noticed Grum
  1775 | D        | Killed Grum
  1822 | D        | Noticed Erolcha
  1834 | D        | Killed Erolcha
  1892 | D        | Reached skill level 15 in Armour
  1898 | D        | Reached skill level 15 in Fighting
  1912 | D        | Reached skill level 15 in Shields
  2066 | D        | Bought a glowing plate armour for 884 gold pieces
  2088 | D        | Bought a pair of runed gloves for 270 gold pieces
  2088 | D        | Bought a potion of might for 144 gold pieces
  2217 | D        | Noticed an orc knight
  2228 | D        | Killed an orc knight
  2229 | D        | Noticed an orc knight
  2252 | D        | Killed an orc knight
  2318 | D        | Found Zixy's Antique Armour Emporium.
  2318 | D        | Noticed an ogre mage
  2318 | D        | Noticed an ogre mage
  2319 | D        | Noticed a two-headed ogre
  2329 | D        | Killed an ogre mage
  2330 | D        | Found Plog's Weapon Shoppe.
  2335 | D        | Killed a two-headed ogre
  2341 | D        | Found Tuomyes's Food Emporium.
  2343 | D        | Killed an ogre mage
  2343 | D        | Reached XP level 12. HP: 88/88 MP: 12/12
  2350 | D        | Found Raase's Assorted Antiques.
  2352 | D        | Noticed a two-headed ogre
  2355 | D        | Noticed an ogre mage
  2356 | D        | Noticed a two-headed ogre
  2364 | D        | Killed a two-headed ogre
  2368 | D        | Noticed a two-headed ogre
  2371 | D        | Killed an ogre mage
  2371 | D        | Reached skill level 15 in Maces & Flails
  2380 | D        | Killed a two-headed ogre
  2390 | D        | Killed a two-headed ogre
  2443 | D        | Bought a pair of heavily runed gloves for 218 gold pieces
  2449 | D        | Bought a potion of might for 104 gold pieces
  2451 | D        | Identified the cursed +0 pair of gloves "Jeboj" {MP+9 Str+4} (You bought it in a shop in the Dungeon)
  2496 | D        | Noticed Psyche
  2502 | D        | Killed Psyche
  2638 | D        | Noticed a two-headed ogre
  2638 | D        | Noticed a centaur warrior
  2651 | D        | Killed a two-headed ogre
  2659 | D        | Killed a centaur warrior
  2679 | D        | Noticed a centaur warrior
  2680 | D        | Noticed a deep troll shaman
  2681 | D        | Noticed an ice dragon
  2684 | D        | Noticed a deep troll shaman
  2686 | D        | Noticed a sphinx
  2687 | D        | Noticed a stone giant
  2694 | D        | Killed a centaur warrior
  2702 | D        | Killed a deep troll shaman
  2715 | D        | Killed an ice dragon
  2725 | D        | Killed a deep troll shaman
  2734 | D        | Paralysed by a sphinx for 4 turns
  2750 | D        | Killed a sphinx
  2750 | D        | Reached XP level 13. HP: 47/96 MP: 13/13
  2769 | D        | Killed a stone giant
  3170 | D        | Noticed Donald
  3194 | D        | Killed Donald
  3556 | D        | Noticed Nessos
  3579 | D        | Killed Nessos
  3580 | D        | Noticed Azrael
  3598 | D        | Killed Azrael
  4016 | D        | Noticed an entropy weaver
  4023 | D        | Noticed an emperor scorpion
  4064 | D        | Killed a ghost moth
  4102 | D        | Killed an entropy weaver
  4194 | D        | Killed an emperor scorpion
  4491 | D        | Gained mutation: Your large and strong wings let you fly indefinitely. [Gargoyle growth]
  4491 | D        | Reached XP level 14. HP: 87/106 MP: 14/14
  4659 | D        | Bought the +7 plate armour of Infinity {+Blink rN+ Str+3 Int-3} for 1219 gold pieces
  4914 | D        | Noticed Gastronok
  4928 | D        | Killed Gastronok
  4959 | D        | Noticed a green very ugly thing
  4959 | D        | Noticed a white very ugly thing
  4964 | D        | Paralysed by a great orb of eyes for 6 turns
  4983 | D        | Killed a green very ugly thing
  4984 | D        | Noticed a vampire knight
  4992 | D        | Killed a white very ugly thing
  4995 | D        | Noticed a fire giant
  5024 | D        | Killed a vampire knight
  5037 | D        | Killed a fire giant
  5038 | D        | Noticed a green very ugly thing
  5039 | D        | Noticed a frost giant
  5052 | D        | Killed a green very ugly thing
  5057 | D        | Noticed a stone giant
  5060 | D        | Killed a frost giant
  5082 | D        | Killed a stone giant
  5321 | D        | Noticed an ironheart preserver
  5327 | D        | Reached XP level 15. HP: 100/115 MP: 15/15
  5357 | D        | Noticed a vault warden
  5382 | D        | Killed a vault warden
  5472 | D        | Killed from afar by an ogre mage

Vault maps used:
D:        linesprint

Skill      XL: |  1  2  3  4  5  6  7  8  9 10 11 12 13 14 15 |
---------------+----------------------------------------------+-----
Fighting       | 5 6 7 8 10 11 12 14 15 17 19 21 22 | 22.3
Maces & Flails | 4 5 6 7 9 10 11 13 14 16 18 19 20 | 20.8
Armour         | 5 6 7 8 10 11 12 14 15 17 19 21 22 | 22.4
Shields        | 5 6 7 8 10 11 12 14 15 17 19 21 22 | 22.3

Action                   |  1- 3 |  4- 6 |  7- 9 | 10-12 | 13-15 || total
-------------------------+-------+-------+-------+-------+-------++-------
Melee: Flail             |    22 |    57 |    92 |       |       ||   171
       Whip              |       |       |       |   371 |   667 ||  1038
Invok: Potion Petition   |       |       |     1 |     2 |     3 ||     6
       Call Merchant     |       |       |       |     5 |     4 ||     9
  Use: Potion            |     1 |     1 |     8 |     2 |     8 ||    20
       Scroll            |       |       |       |     2 |     1 ||     3
 Stab: Distracted        |       |     1 |       |     3 |     9 ||    13
       Invisible         |       |       |     4 |       |       ||     4
       Confused          |       |       |       |       |     2 ||     2
  Eat: Bread ration      |       |     1 |       |       |       ||     1
       Meat ration       |       |       |       |     2 |       ||     2
Armor: Scale mail        |     7 |    21 |    18 |       |       ||    46
       Chain mail        |       |       |    12 |    21 |       ||    33
       Plate armour      |       |       |       |    72 |   222 ||   294
Dodge: Dodged            |     6 |    13 |    22 |    30 |    75 ||   146
Block: Shield            |    14 |    29 |    30 |   121 |   272 ||   466
       Reflection        |       |       |       |       |     4 ||     4
